Match 42044365
Unlisted

Match 42044365
End
Selects Italian Combined Arms Battlegroup
Selects Bersaglieri Squad
Bersaglieri Squad
250 Light Carrier
Bersaglieri Squad
Bersaglieri Squad
Construct Light Support Kompanie
Selects Bersaglieri Bolster
2.5-tonne Medical Truck
Fire Support Elements
Selects Breda Model 30 Light Machine Guns
Flakvierling Half-track
Pak 38 Mechanized Group
MG34 Team
Selects Semovente da 75/18 Assault Gun
Construct Panzerarmee Kommand
Selects Strafing Run
Walking Stuka Rocket Launcher
Strafing Run
Strafing Run
Panzer III L Medium Tank
Vehicle Survival Package
Strafing Run
Panzer III L Medium Tank
Panzer III L Medium Tank
Selects Pact of Steel
Strafing Run
Emergency Repair Kits
Strafing Run
deluxe_d!ablo
moon
DreAm
Danh Vo
STALKER4732
SoyaLors
kit.ohume
Devochkin
0
0

Comments sign in to comment!

No comments posted yet!